 Dungeon Crawl Stone Soup version 0.21.1-1-g345015fe64 (webtiles) character file.

25 Htamos the Magician (level 2, -1/15 HPs)
             Began as a Deep Elf Wizard on July 13, 2018.
             Slain by a gnoll
             ... wielding a +0 dire flail
              (12 damage)
             ... on level 2 of the Dungeon.
             The game lasted 00:01:31 (944 turns).

Htamos the Magician (Deep Elf Wizard)                Turns: 944, Time: 00:01:32

Health: -1/15      AC:  3    Str:  4    XL:     2   Next: 86%
Magic:  0/10       EV: 13    Int: 22    God:
Gold:   115        SH:  0    Dex: 13    Spells: 11/12 levels left

rFire    . . .     SeeInvis .   (no weapon)
rCold    . . .     Gourm    .   (no shield)
rNeg     . . .     Faith    .   a - +0 robe
rPois    .         Spirit   .   b - +0 hat
rElec    .         Reflect  .   (no cloak)
rCorr    .         Harm     .   g - +0 pair of gloves
MR       .....                  (no boots)
Stlth    ++........             (no amulet)
HPRegen  0.05/turn              (no ring)
MPRegen  0.12/turn              (no ring)

@: no status effects
A: no striking features
a: no special abilities


You were on level 2 of the Dungeon.
You were not hungry.

You visited 1 branch of the dungeon, and saw 2 of its levels.

You collected 115 gold pieces.

Inventory:

Missiles
 e - 25 arrows
 h - 4 sling bullets
 o - 3 stones (quivered)
 r - 2 steel javelins
Armour
 a - a +0 robe (worn)
 b - a +0 hat (worn)
 g - a +0 pair of gloves (worn)
 n - a +0 large shield
Jewellery
 k - an uncursed ring of flight {unknown}
Scrolls
 f - a scroll of magic mapping {unknown}
 m - 5 scrolls of identify {unknown}
 p - a scroll of enchant armour {unknown}
 q - a scroll of teleportation {unknown}
 s - a scroll of random uselessness {unknown}
Potions
 i - a potion of brilliance {unknown}
 j - 2 potions of curing {unknown}
 l - a potion of resistance {unknown}
Books
 c - a book of Minor Magic

   Spells                             Type                      Level
   a - Magic Dart                     Conjuration                  1
   b - Blink                          Translocation                2
   c - Call Imp                       Summoning                    2
   d - Slow                           Hexes                        2
   e - Conjure Flame                  Conjuration/Fire             3
   f - Mephitic Cloud                 Conjuration/Poison/Air       3
Comestibles
 d - 3 rations


   Skills:
 - Level 2.4 Dodging
 - Level 2.4 Stealth
 + Level 5.8 Spellcasting
 - Level 1.1 Conjurations
   Level 1.1 Summonings
   Level 1.1 Translocations


You had 11 spell levels left.
You knew the following spells:

 Your Spells              Type           Power        Failure   Level  Hunger
a - Magic Dart            Conj           ##..         6%          1    None


Dungeon Overview and Level Annotations

Branches:
Dungeon (2/15)

Altars:

Annotations:
D:2 1 runed door


Message History

The gnoll is heavily wounded.
The gnoll completely misses you.
Casting: Magic Dart
Confirm with . or Enter, or press ? or * to list all spells.
Aiming: Magic Dart
Press: ? - help, Shift-Dir - straight line, f/p - gnoll
Aim: a gnoll, wielding a dire flail (heavily wounded)
The magic dart hits the gnoll.
The gnoll is heavily wounded.
The gnoll closely misses you.
Casting: Magic Dart
Confirm with . or Enter, or press ? or * to list all spells.
Aiming: Magic Dart
Press: ? - help, Shift-Dir - straight line, f/p - gnoll
Aim: a gnoll, wielding a dire flail (heavily wounded)
The magic dart hits the gnoll.
The gnoll is severely wounded.
The gnoll hits you with a dire flail!
Ouch! That really hurt!
You die...

#.######.#.# #.#### ##.#.#
##....##
#....####.##.###.###
#)#####.........##.# #....
#.>...........####.###.###
#.########.##.# #.....##
#.##.# #.##.##
#######g##.# #.##.#
#.....@.##.# #.##.#
#.########.# #.##.# # #.#
#.###.##.# #####.##.#
######.##...#.#
.......<.###.............#
#####........####.##...###
###...<.......###.##
#.########..# #.# #.# #..#
#.#


You could see a gnoll.

Vanquished Creatures
  A ball python (D:1)
  A giant cockroach (D:2)
  2 goblins
  3 hobgoblins
  4 kobolds (D:1)
  4 bats
  6 frilled lizards
  5 rats
26 creatures vanquished.

Notes
Turn   | Place    | Note
-------+----------+-------------------------------------------
     0 | D:1      | Htamos the Deep Elf Wizard began the quest for the Orb.
     0 | D:1      | Reached XP level 1. HP: 10/10 MP: 7/7
   312 | D:1      | Reached skill level 5 in Spellcasting
   374 | D:1      | Reached XP level 2. HP: 15/15 MP: 7/10
   788 | D:2      | Found a runed door.
   944 | D:2      | Slain by a gnoll

Skill      XL: |  1 |
---------------+----+-----
Spellcasting   | 5 |  5.8
Dodging        | |  2.4
Stealth        | |  2.4
Conjurations   | |  1.1
Summonings     | |  1.1
Translocations | |  1.1

Action                   || total
-------------------------++-------
 Cast: Magic Dart        ||    58
Dodge: Dodged            ||     6
